 Dungeon Sprint DCSS version 0.17.1-3-g152610e (webtiles) character file.

3756 DarthKuruptios the Warrior (level 9, -2/122 HPs)
             Began as a Troll Berserker on Apr 19, 2016.
             Was the Champion of Trog.
             Slain by a crocodile (11 damage)
             ... in the Dungeon (Sprint IX: "|||||||||||||||||||||||||||||").
             The game lasted 00:04:24 (670 turns).

DarthKuruptios the Warrior (Troll Berserker)         Turns: 670, Time: 00:04:26

Health: -2/122     AC:  6    Str: 27    XL:     9   Next: 94%
Magic:  8/8        EV: 14    Int:  4    God:    Trog [******]
Gold:   10         SH:  0    Dex: 14    Spells: 0 memorised, 8 levels left

rFire  . . .     SeeInvis .     s - +0 giant spiked club
rCold  . . .     Clarity  .     b - +0 animal skin
rNeg   . . .     SustAt   .     (shield currently unavailable)
rPois  .         Gourm    +     (helmet restricted)
rElec  .         Spirit   .     o - +0 cloak
rCorr  .         Warding  .     (gloves unavailable)
rMut   .         NoTele   +     (boots unavailable)
MR     ++...                    (no amulet)
Stlth  +.........               q - +2 ring of evasion
                                p - +3 ring of dexterity

@: lethally poisoned (-2 -> -2), exhausted, regenerating, slowed, very slow,
very resistant to hostile enchantments, very unstealthy
A: unfitting armour, claws 3, fast metabolism 3, gourmand, regeneration 2,
shaggy fur 1, tough skin 2
a: Berserk, Trog's Hand, Brothers in Arms, Burn Spellbooks, Renounce Religion


You were in the Dungeon.
You worshipped Trog.
Trog was exalted by your worship.
You were very full.

You visited 1 branch You collected 10 gold pieces.

Inventory:

Hand Weapons
 a - a +0 mace
 k - a +0 giant club
 n - a +2 morningstar of crushing
 s - a +0 giant spiked club (weapon)
Armour
 b - a +0 animal skin (worn)
 o - a +0 cloak (worn)
Jewellery
 p - a +3 ring of dexterity (left claw)
 q - a +2 ring of evasion (right claw)
Wands
 m - a wand of cold (7)
Scrolls
 i - 3 scrolls of blinking
 l - 3 scrolls of remove curse
 t - 2 scrolls of enchant armour
 u - a scroll of fog
 v - 2 scrolls of enchant weapon
 w - a scroll of recharging
Potions
 d - 7 potions of curing
 f - 2 potions of haste
 g - 4 potions of magic
 h - 2 potions of berserk rage
 j - a potion of invisibility
 r - a potion of cure mutation
Comestibles
 c - 2 bread rations
 x - 3 chunks of flesh


   Skills:
 * Level 17.5 Fighting
 - Level 5.1 Maces & Flails
 - Level 4.7 Dodging


You had 8 spell levels left.
You didn't know any spells.

Dungeon Overview and Level Annotations

Branches:
Dungeon (1/1)

Altars:
Cheibriados
Dithmenos
Elyvilon
Fedhas
Gozag
Kikubaaqudgha
Makhleb
Nemelex Xobeh
Okawaru
Qazlal
Ru
Sif Muna
Trog
Vehumet
Xom
Yredelemnul
Zin
The Shining One
Beogh
Jiyva
Lugonu


Innate Abilities, Weirdness & Mutations

You are too large for most types of armour.
You have claws for hands.
Your metabolism is lightning-fast.
You like to eat raw meat.
You heal very quickly.
You are covered in fur (AC +1).
You have very tough skin (AC +2).


Message History

You are no longer berserk.
You are exhausted.
You feel yourself slow down.
You feel sick. The crocodile bites you.
* * * LOW HITPOINT WARNING * * *
The crocodile barely misses you.
You bludgeon the crocodile!!
The crocodile is almost dead.
You feel very sick. The crocodile barely misses you. The crocodile bites you!!
* * * LOW HITPOINT WARNING * * *
Drink which item? (? for menu, Esc to quit)
You feel much better.
You feel sick. The crocodile bites you!
* * * LOW HITPOINT WARNING * * *
You closely miss the crocodile.
The crocodile is almost dead.
You feel very sick. The crocodile bites you!
* * * LOW HITPOINT WARNING * * *
The crocodile misses you. The crocodile bites you!
You die...

▓▓▓▓▓▓▓▓▓▓▓▓▓▓▓▓▓▓▓▓▓▓▓▓
).....)%........@tSFt...
▓▓▓▓▓▓▓▓▓▓▓▓▓▓▓▓▓▓▓▓▓▓▓▓▓▓▓▓▓▓▓▓▓
.................................
▓▓▓▓▓▓▓▓▓▓▓▓▓▓▓▓▓▓▓▓▓▓▓▓▓▓▓▓▓▓▓▓▓
...'_____________________'.?|)[.[
▓▓▓▓▓▓▓▓▓▓▓▓▓▓▓▓▓▓▓▓▓▓▓▓▓▓▓▓▓▓▓▓▓


You could see a water moccasin, 2 crocodiles and a giant frog.

Vanquished Creatures
  2 hill giants (D)
  5 spiny frogs (D)
  2 yaks (D)
  A wolf (D)
  A porcupine (D)
  An orc warrior (D)
  A black bear (D)
  An eye of draining (D)
  An ogre (D)
  2 crocodiles (D)
  2 giant frogs (D)
  A big kobold (D)
  A jelly (D)
  A crimson imp (D)
  An iguana (D)
  2 worker ants (D)
  A river rat (D)
  An adder zombie (D)
  A giant gecko (D)
  A goblin (D)
  2 quokkas (D)
  A ball python zombie (D)
  A giant cockroach (D)
  A giant newt (D)
  A jackal (D)
  A rat (D)
36 creatures vanquished.

Notes
Turn   | Place    | Note
--------------------------------------------------------------
     0 | D        | DarthKuruptios the Troll Berserker began the quest for the Orb.
     0 | D        | Reached XP level 1. HP: 22/22 MP: 0/0
     7 | D        | Reached ** piety under Trog
     7 | D        | Reached skill level 3 in Maces & Flails
    31 | D        | Noticed an ogre
    41 | D        | Reached *** piety under Trog
    42 | D        | Reached XP level 2. HP: 31/31 MP: 1/1
    44 | D        | Killed an ogre
    44 | D        | Reached skill level 4 in Fighting
    44 | D        | Reached skill level 5 in Maces & Flails
    44 | D        | Reached XP level 3. HP: 41/41 MP: 2/2
    44 | D        | Reached XP level 4. HP: 49/49 MP: 3/3
    97 | D        | Found a glowing silver altar of Zin.
    97 | D        | Found a glowing golden altar of the Shining One.
    97 | D        | Found an ancient bone altar of Kikubaaqudgha.
    97 | D        | Found a basalt altar of Yredelemnul.
    97 | D        | Found a shimmering altar of Xom.
    97 | D        | Found a radiant altar of Vehumet.
    98 | D        | Found an iron altar of Okawaru.
    99 | D        | Found a burning altar of Makhleb.
   100 | D        | Found a deep blue altar of Sif Muna.
   101 | D        | Found a bloodstained altar of Trog.
   102 | D        | Found a sparkling altar of Nemelex Xobeh.
   103 | D        | Found a white marble altar of Elyvilon.
   104 | D        | Found a roughly hewn altar of Beogh.
   105 | D        | Found a viscous altar of Jiyva.
   106 | D        | Found a corrupted altar of Lugonu.
   107 | D        | Found a blossoming altar of Fedhas.
   108 | D        | Found a snail-covered altar of Cheibriados.
   109 | D        | Found a shadowy altar of Dithmenos.
   110 | D        | Found a stormy altar of Qazlal.
   111 | D        | Found an opulent altar of Gozag.
   112 | D        | Found a sacrificial altar of Ru.
   146 | D        | Noticed a hill giant
   146 | D        | Noticed an eye of draining
   146 | D        | Noticed a worker ant
   146 | D        | Noticed a black bear
   146 | D        | Noticed a worker ant
   152 | D        | Killed a hill giant
   152 | D        | Reached **** piety under Trog
   152 | D        | Reached skill level 11 in Fighting
   152 | D        | Reached XP level 5. HP: 42/72 MP: 0/4
   152 | D        | Reached XP level 6. HP: 46/80 MP: 0/5
   152 | D        | Reached XP level 7. HP: 50/88 MP: 0/6
   155 | D        | Killed an eye of draining
   155 | D        | Reached skill level 12 in Fighting
   156 | D        | Killed a worker ant
   158 | D        | Killed a black bear
   161 | D        | Killed a worker ant
   161 | D        | Reached ***** piety under Trog
   242 | D        | Noticed a big kobold
   242 | D        | Noticed an orc warrior
   242 | D        | Noticed a giant frog
   242 | D        | Noticed a jelly
   242 | D        | Noticed a crimson imp
   242 | D        | Noticed a hill giant
   244 | D        | Killed a big kobold
   250 | D        | Killed an orc warrior
   250 | D        | Reached skill level 13 in Fighting
   254 | D        | Killed a hill giant
   254 | D        | Received a gift from Trog
   254 | D        | Reached skill level 14 in Fighting
   254 | D        | Reached XP level 8. HP: 58/106 MP: 7/7
   255 | D        | Killed a giant frog
   257 | D        | Killed a jelly
   263 | D        | Killed a crimson imp
   454 | D        | Noticed a crocodile
   454 | D        | Noticed a spiny frog
   454 | D        | Noticed a giant frog
   454 | D        | Noticed a porcupine
   454 | D        | Noticed a crocodile
   454 | D        | Noticed a yak
   459 | D        | Noticed an iguana
   459 | D        | Killed a crocodile
   462 | D        | Killed a spiny frog
   462 | D        | Reached skill level 15 in Fighting
   465 | D        | Noticed a spiny frog
   466 | D        | Killed a giant frog
   466 | D        | Reached XP level 9. HP: 98/115 MP: 8/8
   468 | D        | Killed a porcupine
   471 | D        | Killed a crocodile
   474 | D        | Killed a yak
   474 | D        | Received a gift from Trog
   477 | D        | Killed an iguana
   478 | D        | Reached skill level 16 in Fighting
   483 | D        | Killed a spiny frog
   639 | D        | Noticed a spiny frog
   639 | D        | Noticed a yak
   639 | D        | Noticed a wolf
   639 | D        | Noticed a spiny frog
   639 | D        | Noticed a spiny frog
   639 | D        | Noticed a crocodile
   641 | D        | Noticed a water moccasin
   647 | D        | Killed a spiny frog
   649 | D        | Noticed a giant frog
   656 | D        | Killed a yak
   657 | D        | Killed a wolf
   657 | D        | Reached ****** piety under Trog
   657 | D        | Reached skill level 17 in Fighting
   658 | D        | Noticed a crocodile
   663 | D        | Killed a spiny frog
   663 | D        | Received a gift from Trog
   666 | D        | Killed a spiny frog
   668 | D        | HP: 4/122 [crocodile (19)]
   670 | D        | Slain by a crocodile

Action                   |  1- 3 |  4- 6 |  7- 9 || total
-------------------------+-------+-------+-------++-------
Melee: Mace              |    29 |     2 |       ||    31
       Morningstar       |       |     5 |     9 ||    14
       Giant spiked club |       |       |    73 ||    73
Invok: Berserk           |     1 |     1 |     2 ||     4
       Trog's Hand       |       |       |     1 ||     1
  Use: Potion            |       |       |     3 ||     3
  Eat: Chunk             |       |     6 |     9 ||    15
